AoeStats
← Stanko2026

Arena

510286521Analyzed
1v1 RM · 1d ago on Sep 30, 2026· 84m 59s· 2 players
Game mode
Random Map
Map size
Tiny (2 player)
Population
200
Speed
Normal
Resources
Standard
Victory
Conquest
Starting age
Dark Age
Ending age
Imperial Age
RankedLock teamsTeams togetherTeam positionsShared explorationLock speedFull tech treeHidden civsTurbo modeCheats
Victory
Defeat
🇩🇪 Teutons · Germany
781
+14
🇪🇸 Sicilians · Spain
731
-14
bacondesm
11:03 Feudal Age
13:43 Double-Bit Axe
14:03 Man-at-Arms
20:54 Castle Age
19:18 Bloodlines
20:29 Scale Mail Armor
20:39 Forging
22:01 Gambesons
21:36 Long Swordsman
22:17 Squires
22:35 Chain Mail Armor
22:56 Iron Casting
23:54 Pikeman
26:40 Scale Barding Armor
28:51 Horse Collar
31:09 First Crusade
37:59 Imperial Age
37:10 Fletching
38:04 Heavy Plow
38:25 Husbandry
38:50 Elite Serjeant
39:03 Light Cavalry
39:14 Cavalier
40:18 Bodkin Arrow
42:21 Plate Mail Armor
43:14 Blast Furnace
42:35 Chain Barding Armor
44:53 Wheelbarrow
44:05 Loom
44:07 Town Watch
45:11 Masonry
44:56 Murder Holes
53:33 Plate Barding Armor
53:00 Padded Archer Armor
61:35 Hauberk
64:55 Gold Mining
64:55 Stone Mining
65:14 Halberdier
65:58 Bracer
66:23 Ballistics
67:16 Chemistry
68:42 Stone Shaft Mining
68:46 Gold Shaft Mining
74:09 Siege Engineers
77:02 Hand Cart
80:22 Hoardings
80:01 Two-Handed Swordsman
Stanko2026
0:29 Loom
11:41 Feudal Age
12:03 Horse Collar
12:10 Double-Bit Axe
13:33 Stone Mining
13:33 Gold Mining
21:31 Castle Age
20:50 Arson
22:34 Heavy Plow
22:57 Bow Saw
23:19 Scale Barding Armor
23:15 Scale Mail Armor
23:25 Forging
23:07 Fletching
24:52 Stone Shaft Mining
23:55 Pikeman
24:35 Squires
29:28 Ballistics
29:18 Fortified Wall
29:36 Elite Skirmisher
31:46 Masonry
32:34 Bodkin Arrow
32:39 Padded Archer Armor
32:55 Chain Mail Armor
36:20 Ironclad
39:40 Imperial Age
40:35 Leather Archer Armor
40:56 Iron Casting
40:53 Plate Mail Armor
40:56 Crop Rotation
42:53 Chemistry
43:07 Conscription
43:44 Crenellations
45:24 Two-Man Saw
44:01 Halberdier
47:59 Hoardings
61:02 Arrowslits
65:02 Bloodlines
64:13 Cavalier
Connection lost

Rejoining the realm…

Still unreachable

The connection could not be restored.

Session expired

The server has moved on; the page needs a fresh start.